 Dungeon Crawl Stone Soup version 0.31.0-11-ge490571c62 (webtiles) character file.

Game seed: 8195884983116854027

62 qw the Shooter (level 3, 0/18 HPs)
             Began as a Spriggan Hunter on Feb 4, 2024.
             Blown up by an orc (18 damage)
             ... with a mindburst bolt
             ... on level 3 of the Dungeon.
             The game lasted 00:00:05 (1559 turns).

qw the Shooter (Spriggan Hunter)                    Turns: 1559, Time: 00:00:06

Health: 0/18       AC:  2    Str: 13    XL:     3   Next: 85%
Magic:  4/4        EV: 19    Int: 10    God:
Gold:   89         SH:  0    Dex: 20    Spells: 2/2 levels left

rFire   . . .        a - +0 shortbow
rCold   . . .        (shield currently unavailable)
rNeg    . . .        c - +0 robe
rPois   .            (helmet restricted)
rElec   .            (no cloak)
rCorr   .            (gloves unavailable)
SInv    +            (boots unavailable)
Will    .....        (no amulet)
Stlth   ++           h - +6 ring of strength
HPRegen 0.23/turn    (no ring)
MPRegen 0.09/turn

%: no passive effects
@: very quick
A: very small, no large weapons, unfitting armour, see invisible, speed 3
a: no special abilities


You were on level 3 of the Dungeon.
You visited 1 branch of the dungeon, and saw 3 of its levels.

You collected 89 gold pieces.


Innate Abilities, Weirdness & Mutations

You are very small and have problems with some larger weapons.
You are too small for most types of armour.
You have supernaturally acute eyesight. (SInv)
You cover ground extremely quickly. (Speed+++)


   Skills:
 - Level 1.5 Fighting
 - Level 5.0 Ranged Weapons
 + Level 4.1 Dodging
 - Level 1.5 Stealth


You had 2 spell levels left.
You didn't know any spells.
Your spell library was empty.

Inventory:

Hand Weapons
 a - a +0 shortbow (weapon)
Armour
 c - a +0 robe (worn)
Jewellery
 h - a +6 ring of strength (left hand)
Scrolls
 f - a scroll of revelation {unknown}
 g - a scroll of identify {unknown}
Potions
 b - a potion of degeneration {unknown}
 d - a potion of lignification {unknown}
 e - a potion of curing {unknown}

Dungeon Overview and Level Annotations

Branches:
Dungeon (3/15)

Altars:
Dithmenos


Message History

You now have 89 gold pieces (gained 10).
Found a scroll of immolation.
An endoplasm comes into view.
You shoot an arrow. The endoplasm quivers.
The arrow hits the endoplasm!
You kill the endoplasm!
Found a shadowy altar of Dithmenos.
e - a fuming sapphire potion You see here a ring of see invisible.
f - a scroll labelled NOEZXU MALU You see here a scroll of immolation.
Found a war axe.
g - a scroll labelled SATEOM SETOMP 2 orcs come into view.
An orc is wielding a +0 flail of protection.
You shoot an arrow.
The arrow hits the orc but does no damage.
The orc shouts!
An orc comes into view. It is wielding a +0 hand axe.
A goblin comes into view. It is wielding a +0 club.
You shoot an arrow. The arrow closely misses the orc.
The orc shouts! x2
The arrow hits the orc.
The orc is moderately wounded.
The goblin unwields a +0 club.
The goblin wields a +0 sling.
The goblin shoots a sling bullet.
The sling bullet barely misses you.
You shoot an arrow. The arrow closely misses the orc.
The goblin shoots a sling bullet.
The sling bullet misses you.
You shoot an arrow.
The arrow hits the orc but does no damage.
A rat comes into view.
You shoot an arrow. The arrow barely misses the orc.
The arrow closely misses the orc.
You shoot an arrow. The arrow barely misses the orc.
The orc completely misses you.
You shoot an arrow. The arrow closely misses the orc.
The orc zaps a wand.
Your mind is blasted!
Ouch! That really hurt!
You die...

#.....#.#.#.#......=......
##.....#.ยค.#.............#
##)....#.#..............#
#####...................
##.....#...........#
##..###..#......... #.##
#..##........ ##.#
#..#......... #o@#
#..#......... #o## #o ..
... .... ..... ......


You could see 3 orcs.

Vanquished Creatures
  2 adders (D:2)
  A dart slug (D:1)
  4 ball pythons
  6 endoplasms
  3 giant cockroaches
  4 goblins
  3 hobgoblins
  3 jackals (D:1)
  2 quokkas
  5 bats
  A kobold (D:1)
  3 rats (D:1)
37 creatures vanquished.

Notes
Turn   | Place    | Note
-------+----------+-------------------------------------------
     0 | D:1      | qw the Spriggan Hunter began the quest for the Orb.
     0 | D:1      | Reached XP level 1. HP: 10/10 MP: 2/2
     0 | D:1      | 0 ||| qw: Version: 0.3-a-160-g6735b56
     0 | D:1      | 0 ||| qw: Game counter: 6068
     0 | D:1      | 0 ||| qw: Melee chars always use a shield: true
     0 | D:1      | 0 ||| qw: God list: Okawaru
     0 | D:1      | 0 ||| qw: Allow faded altars: false
     0 | D:1      | 0 ||| qw: Do Orc after clearing Dungeon:15 true
     0 | D:1      | 0 ||| qw: Do second Lair branch before Depths: true
     0 | D:1      | 0 ||| qw: Lair rune preference: random
     0 | D:1      | 0 ||| qw: Goals: Normal
     0 | D:1      | 0 ||| PLANNING D:1-11
    27 | D:1      | Reached skill level 3 in Dodging
    81 | D:1      | Reached XP level 2. HP: 14/14 MP: 3/3
   399 | D:1      | Found a faded altar of an unknown god.
   763 | D:1      | 763 ||| READING scroll labelled ZUINEBB XOXU.
   764 | D:1      | 764 ||| DROPPING scroll of butterflies.
   799 | D:2      | Reached XP level 3. HP: 18/18 MP: 4/4
   802 | D:1      | 802 ||| Stepping randomly (stuck).
   952 | D:2      | Identified the +0 dagger of Distant Shores {flame, Str+3
                  | Int+5 Dex+6}
  1213 | D:2      | Reached skill level 5 in Ranged Weapons
  1372 | D:2      | Identified the +0 scale mail of Meif {rF++ Int+3 Stlth-}
  1381 | D:2      | 1381 ||| UPGRADING to +6 ring of strength.
  1382 | D:2      | 1382 ||| READING scroll labelled ASCHATRIAHI.
  1383 | D:2      | 1383 ||| READING scroll labelled CAPTIL RYJE.
  1484 | D:2      | 1484 ||| READING scroll labelled RUIKOPSOMY.
  1510 | D:3      | Found a shadowy altar of Dithmenos.
  1559 | D:3      | Blown up by an orc

Levels and vault maps discovered:
D:1:      elethiomel_arrival_shortcut, layout_basic,
          dilly_ecumenical_altar_fadedgnrine, serial_corexii_hall,
          chequers_hall_statues_y, corexii_hall_statues_l
D:2:      layout_loops_cross, hangedman_decor_points
D:3:      layout_rooms, mainiacjoe_overflow_surrounded_room,
          grunt_dithmenos_smoke_and_mirrors, uniq_grinder

Skill      XL: |  1  2  3 |
---------------+----------+-----
Dodging        | 3 4 |  4.1
Ranged Weapons | 5 |  5.0
Fighting       | |  1.5
Stealth        | |  1.5

Action                     || total
---------------------------++-------
   Fire: Shortbow          ||   110
    Use: Scroll            ||     4
 Armour: Robe              ||     8
  Dodge: Dodged            ||    25

Table legend:
 A = Non-vault XP
 B = Vault XP
 C = Vault XP percentage of total XP
 D = Non-vault monster count
 E = Vault monster count
 F = Vault count percentage of total count
                 A         B        C        D         E       F
            +---------+---------+-------+---------+---------+-------
      Total |      89 |       0 |   0.0 |      37 |       0 |   0.0
            +---------+---------+-------+---------+---------+-------
        D:1 |      38 |       0 |   0.0 |      21 |       0 |   0.0
        D:2 |      49 |       0 |   0.0 |      15 |       0 |   0.0
        D:3 |       2 |       0 |   0.0 |       1 |       0 |   0.0
            +---------+---------+-------+---------+---------+-------
